 Dungeon Crawl Stone Soup version 0.19-a0-1740-g0bcaf2e (webtiles) character file.

23640 George the Carver (level 12, -1/110 HPs)
             Began as a Minotaur Fighter on Oct 2, 2016.
             Was a High Priest of Okawaru.
             Slain by an alligator snapping turtle (30 damage)
             ... on level 3 of the Lair of Beasts.
             The game lasted 00:31:12 (15712 turns).

George the Carver (Minotaur Fighter)               Turns: 15712, Time: 00:31:13

Health: -1/110     AC: 19    Str: 22    XL:     12   Next: 73%
Magic:  10/16      EV: 13    Int:  5    God:    Okawaru [*****.]
Gold:   1115       SH: 15    Dex: 12    Spells: 0 memorised, 11 levels left

rFire  . . .     SeeInvis .     H - +0 scimitar
rCold  + + .     Gourm    .     I - +4 ring mail {rC+}
rNeg   . . .     Faith    .     c - +1 shield
rPois  .         Spirit   .     (helmet restricted)
rElec  .         Dismiss  .     m - +0 cloak
rCorr  +         Reflect  .     a - +0 pair of gloves
MR     .....     Harm     .     Q - +2 pair of boots
Stlth  ++........               X - amulet of regeneration
                                l - ring of resist corrosion
                                E - ring of protection from cold

@: heroism, finesse
A: retaliatory headbutt, horns 2, clumsy 1
a: Heroism, Finesse, Renounce Religion


You were on level 3 of the Lair of Beasts.
You worshipped Okawaru.
Okawaru was extremely pleased with you.
You were not hungry.

You visited 3 branches of the dungeon, and saw 17 of its levels.
You also visited: Ossuary.

You collected 1115 gold pieces.

Inventory:

Hand Weapons
 x - a +0 rapier of draining
 H - a +0 scimitar (weapon)
Missiles
 t - 8 javelins of penetration
 G - 3 tomahawks of returning (quivered)
Armour
 a - a +0 pair of gloves (worn)
 c - a +1 shield (worn)
 m - a +0 cloak (worn)
 I - a +4 ring mail of cold resistance (worn)
 Q - a +2 pair of boots (worn)
Jewellery
 l - a ring of resist corrosion (right hand)
 E - a ring of protection from cold (left hand)
 X - an amulet of regeneration (around neck)
Wands
 j - a wand of lightning (7/15)
 n - a wand of digging (2/24)
 C - a wand of teleportation (7/9)
 L - a wand of acid (3/15)
 S - a wand of iceblast (10/15)
Scrolls
 g - a scroll of torment {unknown}
 o - 5 scrolls of recharging
 p - 2 scrolls of holy word {unknown}
 q - a scroll of fog
 s - 3 scrolls of blinking
 y - 4 scrolls of immolation {unknown}
 z - 4 scrolls of remove curse
 F - 2 scrolls of teleportation
 K - 3 scrolls of enchant weapon {unknown}
 N - 2 scrolls of fear {unknown}
 P - a scroll of magic mapping {unknown}
 T - a scroll of enchant armour
 U - a scroll of silence {unknown}
Potions
 b - a potion of haste
 d - 3 potions of might
 e - 3 potions of berserk rage
 i - a potion of invisibility
 k - 10 potions of curing
 r - a potion of ambrosia
 u - 4 potions of mutation
 v - 5 potions of agility
 w - 2 potions of resistance
 A - a potion of cure mutation
 B - 5 potions of heal wounds
 J - a potion of magic
 M - a potion of brilliance
 O - 3 potions of flight {unknown}
 R - a potion of cancellation {unknown}
Comestibles
 f - 6 bread rations
 h - 8 meat rations
 D - 3 beef jerkies
 V - a slice of pizza
 W - 3 chunks of flesh


   Skills:
 + Level 11.4(16.4) Fighting
 + Level 14.6(19.6) Long Blades
 + Level 11.4(16.4) Armour
 + Level 11.2(16.2) Shields
 + Level 7.9 Invocations


You had 11 spell levels left.
You didn't know any spells.

Dungeon Overview and Level Annotations

Branches:
Dungeon (13/15)            Temple (1/1) D:6            Lair (3/6) D:9
 Shoals (0/4) Lair:3        Snake (0/4) Lair:3          Orc (0/2) D:10
 Vaults: D:13-14

Altars:
Ashenzari
Cheibriados
Dithmenos
Elyvilon
Fedhas
Gozag
Hepliaklqana
Kikubaaqudgha
Makhleb
Nemelex Xobeh
Okawaru
Qazlal
Ru
Sif Muna
Trog
Uskayaw
Vehumet
Xom
Yredelemnul
Zin
The Shining One

Shops:
D:8 %

Annotations:
D:9 rF


Innate Abilities, Weirdness & Mutations

You reflexively headbutt those who attack you in melee.
You have a pair of horns on your head.
You are clumsy. (Dex -2)


Message History

Your headbutt misses the alligator snapping turtle.
The alligator snapping turtle is moderately wounded.
You hit the alligator snapping turtle but do no damage.
You headbutt the alligator snapping turtle, but do no damage.
The alligator snapping turtle is moderately wounded.
You hit the alligator snapping turtle.
The alligator snapping turtle is moderately wounded.
You block the alligator snapping turtle's attack.
You carve the alligator snapping turtle like a ham!!!
The alligator snapping turtle is heavily wounded.
You slash the alligator snapping turtle!
You headbutt the alligator snapping turtle, but do no damage.
The alligator snapping turtle is severely wounded.
You slash the alligator snapping turtle!
You headbutt the alligator snapping turtle, but do no damage.
The alligator snapping turtle is severely wounded.
You hit the alligator snapping turtle but do no damage.
The alligator snapping turtle is severely wounded.
The alligator snapping turtle bites you!!
You die...

###### ###
##P##.###.#######
#...............#
##..............##
#..'####.#####..P#
##.#≈≈≈#.#≈≈≈#...#
#..#≈≈≈###≈≈≈#..P#
#.##≈≈≈#≈#)≈≈##.P#
###≈####t@###≈#..#
#≈≈≈#≈≈≈# ≈#.## #≈≈≈#≈>≈#
#.# #≈≈≈#≈≈≈# #.## #
#≈###'≈#### #..##P#
##≈≈≈#≈#≈≈≈##.....#####
#≈≈≈###≈≈≈#.......##.##
#≈≈≈#.#≈≈≈#......###...
#.#####.####'......#P.+<.


You could see an alligator snapping turtle.

Vanquished Creatures
  3 skeletal warriors (D:11)
  An unseen horror (D:10)
  2 hill giants
  A cyclops (D:12)
  A black mamba (Lair:3)
  A manticore (D:12)
  A siren (Lair:3)
  A molten gargoyle (D:9)
  2 spiny frogs (Lair:2)
  2 gargoyles
  2 centaur skeletons
  2 torpor snails (Lair:2)
  A rime drake (Lair:3)
  3 komodo dragons
  2 trolls (D:12)
  3 slime creatures (D:12)
  4 hippogriffs
  Sigmund (D:2)
  A wraith (D:12)
  A spriggan (D:11)
  30 yaks
  2 wyverns
  A steam dragon (D:10)
  2 vampire mosquitoes (D:13)
  2 wargs (D:10)
  2 hell hounds (D:9)
  5 porcupines
  5 water moccasins
  4 ice beasts
  A black bear (D:10)
  5 phantoms
  6 orc warriors
  2 sky beasts (D:11)
  4 centaurs
  4 ogres
  10 wolves
  2 crocodiles
  A big kobold (D:7)
  7 bullfrogs
  A scorpion (D:5)
  8 howler monkeys
  18 wights
  2 vampire bats (Lair:2)
  An electric eel (Lair:3)
  4 crimson imps
  3 centaur zombies
  10 hounds
  5 orc priests
  3 jellies
  6 orc wizards
  Crazy Yiuf (D:2)
  Ijyb (D:3)
  A bullfrog skeleton (D:7)
  Terence (D:2)
  6 iguanas
  Natasha (thrice) (D:2)
  4 hell rats (Lair:2)
  10 worker ants
  13 mummies (Ossuary)
  Robin (D:2)
  13 adders
  5 river rats (Lair:2)
  3 shadow imps
  2 oozes
  An adder skeleton (D:6)
  An adder zombie (D:8)
  2 worms (D:2)
  4 dart slugs
  10 leopard geckos
  46 orcs
  13 bats
  5 giant cockroaches
  14 goblins
  7 hobgoblins
  8 jackals
  8 kobolds
  4 quokkas
  3 ball pythons
  6 frilled lizards
  A gnoll skeleton (Ossuary)
  2 goblin skeletons (Ossuary)
  4 kobold skeletons (Ossuary)
  An orc skeleton (Ossuary)
  A quokka skeleton (D:9)
  7 rats
  11 rat skeletons (Ossuary)
414 creatures vanquished.

Vanquished Creatures (others)
  A troll (D:9)
  A bullfrog zombie (D:9)
  4 fungi (Lair:2)
6 creatures vanquished.

Grand Total: 420 creatures vanquished

Notes
Turn   | Place    | Note
-------+----------+-------------------------------------------
     0 | D:1      | George the Minotaur Fighter began the quest for the Orb.
     0 | D:1      | Reached XP level 1. HP: 19/19 MP: 0/0
   219 | D:1      | Reached XP level 2. HP: 27/27 MP: 1/1
   228 | D:1      | Reached skill level 3 in Long Blades
   652 | D:2      | Noticed Natasha
   655 | D:2      | Killed Natasha
   655 | D:2      | Reached XP level 3. HP: 33/33 MP: 2/2
   783 | D:2      | Reached XP level 4. HP: 35/40 MP: 3/3
   811 | D:2      | Noticed Natasha
   837 | D:2      | Killed Natasha
   837 | D:2      | Reached skill level 4 in Long Blades
   839 | D:2      | HP: 2/41 [worm (6)]
  1168 | D:2      | Noticed Terence
  1174 | D:2      | Killed Terence
  1174 | D:2      | Reached XP level 5. HP: 46/47 MP: 4/4
  1461 | D:2      | Noticed Robin
  1469 | D:2      | Killed Robin
  1540 | D:2      | Found a runed door.
  1580 | D:2      | Noticed Natasha
  1584 | D:2      | Killed Natasha
  1584 | D:2      | Reached skill level 5 in Long Blades
  1637 | D:2      | Noticed Sigmund
  1647 | D:2      | Killed Sigmund
  1647 | D:2      | Reached skill level 5 in Fighting
  1647 | D:2      | Reached skill level 5 in Armour
  1647 | D:2      | Reached skill level 5 in Shields
  1647 | D:2      | Reached XP level 6. HP: 49/56 MP: 5/5
  1779 | D:2      | Noticed Crazy Yiuf
  1783 | D:2      | Killed Crazy Yiuf
  1953 | D:2      | Found a shimmering altar of Xom.
  2066 | D:3      | Noticed Ijyb
  2076 | D:3      | Killed Ijyb
  2208 | D:3      | Reached skill level 6 in Long Blades
  2327 | D:3      | Reached XP level 7. HP: 60/61 MP: 6/6
  2530 | D:4      | Found a sand-covered staircase.
  2533 | Ossuary  | Entered an ossuary
  3724 | D:5      | Entered Level 5 of the Dungeon
  3831 | D:5      | Reached skill level 7 in Long Blades
  4588 | D:5      | Reached XP level 8. HP: 64/70 MP: 5/7
  5209 | D:6      | Reached skill level 8 in Long Blades
  5302 | D:6      | Found a staircase to the Ecumenical Temple.
  5317 | Temple   | Entered the Ecumenical Temple
  5358 | Temple   | Became a worshipper of Warmaster Okawaru
  5660 | D:6      | Reached skill level 1 in Invocations
  5866 | D:7      | Reached * piety under Okawaru
  5866 | D:7      | Reached skill level 9 in Long Blades
  5866 | D:7      | Reached XP level 9. HP: 21/79 MP: 2/9
  6557 | D:7      | Reached ** piety under Okawaru
  6741 | D:8      | Reached skill level 10 in Long Blades
  7067 | D:8      | Found Fenuth's Food Shoppe.
  7369 | D:8      | Reached XP level 10. HP: 42/88 MP: 12/12
  7573 | D:9      | Reached *** piety under Okawaru
  7933 | D:9      | Noticed a molten gargoyle
  7951 | D:9      | Killed a molten gargoyle
  7951 | D:9      | Reached skill level 11 in Long Blades
  8156 | D:9      | Found a staircase to the Lair.
  8251 | D:9      | Got a faintly glowing ring mail
  8262 | D:9      | Identified the cursed +1 ring mail "Lazolapt" {Dex+4} (You found it on level 9 of the Dungeon)
  8802 | D:9      | Reached **** piety under Okawaru
  8860 | D:10     | Entered Level 10 of the Dungeon
  8992 | D:10     | You fall through a shaft for 3 floors!
  8999 | D:13     | Reached skill level 5 in Invocations
  9394 | D:12     | Reached skill level 12 in Long Blades
  9453 | D:12     | Noticed a gargoyle
  9460 | D:12     | Killed a gargoyle
  9577 | D:11     | Noticed a hill giant
  9586 | D:11     | Killed a hill giant
  9586 | D:11     | Reached ***** piety under Okawaru
  9586 | D:11     | Reached XP level 11. HP: 71/97 MP: 14/14
  9739 | D:11     | Gained mutation: You are clumsy. (Dex -2) [mutagenic meat]
 10463 | D:10     | Found a staircase to the Orcish Mines.
 10682 | D:10     | Killed an unseen horror
 11296 | D:11     | Received a gift from Okawaru
 11305 | D:11     | Reached skill level 13 in Long Blades
 11305 | D:11     | Reached skill level 10 in Armour
 11333 | D:11     | Got an opalescent robe {god gift}
 11344 | D:11     | Identified the +1 robe "Moyff" {rN+ rCorr MP+9 Int-4 Stlth+} (Okawaru gifted it to you on level 11 of the Dungeon)
 11499 | D:11     | Noticed a skeletal warrior
 11541 | D:11     | Killed a skeletal warrior
 11541 | D:11     | Reached skill level 10 in Fighting
 11675 | D:11     | Noticed a skeletal warrior
 11675 | D:11     | Noticed a skeletal warrior
 11722 | D:11     | Killed a skeletal warrior
 11722 | D:11     | Reached skill level 10 in Shields
 11758 | D:11     | Killed a skeletal warrior
 12167 | D:12     | Noticed a hill giant
 12179 | D:12     | Killed a hill giant
 13110 | Lair:1   | Entered Level 1 of the Lair of Beasts
 13125 | Lair:1   | Reached XP level 12. HP: 77/107 MP: 16/16
 13546 | Lair:1   | Received a gift from Okawaru
 14072 | Lair:2   | Reached skill level 14 in Long Blades
 14525 | Lair:2   | Found a snail-covered altar of Cheibriados.
 14676 | Lair:2   | Received a gift from Okawaru
 15292 | Lair:3   | Found a staircase to the Snake Pit.
 15649 | Lair:3   | Found a staircase to the Shoals.
 15691 | Lair:3   | Noticed an alligator snapping turtle
 15703 | Lair:3   | HP: 2/110 [alligator snapping turtle (40)]
 15712 | Lair:3   | Slain by an alligator snapping turtle

Vault maps used:
D:1:      lemuel_arrival_cross
D:2:      lemuel_upstairs_altar, uniq_crazy_yiuf_cottage, uniq_natasha,
          uniq_sigmund, uniq_robin, uniq_terence
D:3:      uniq_iyjb
D:4:      lightli_ossuary_entry_decrepit_ruins
D:5:      first_bread, minmay_misc_feat_chi, minivault_1, lightli_corner_chamber
D:6:      kennysheep_generic_room_13
D:8:      serial_shops, shop
D:9:      lemuel_flame_loot_2, minmay_lair_entry_lava
D:10:     david_orc_1_choice
D:11:     the_bakery, minmay_misc_feat_ornament
D:13:     david_vaults_5
Temple:   nicolae_temple_the_god_donut
Lair:2:   minivault_11, roderic_batcave, minivault_24, kennysheep_snail_temple
Lair:3:   elwin_shoals_entry_rooms, guppyfry_snake_entry_garden,
          nicolae_lair_grove_arrangements, grunt_megastairs_3
Ossuary:  ossuary_due_small_catacomb

Skill      XL: |  1  2  3  4  5  6  7  8  9 10 11 12 |
---------------+-------------------------------------+-----
Long Blades    | 3 4 5 6 7 9 10 12 13 14 | 14.6
Fighting       | 4 5 6 7 8 9 10 11 | 11.4
Armour         | 4 5 6 7 8 9 10 11 | 11.4
Shields        | 4 5 7 8 9 10 11 | 11.2
Invocations    | 2 4 5 6 7 |  7.9

Action                   |  1- 3 |  4- 6 |  7- 9 | 10-12 || total
-------------------------+-------+-------+-------+-------++-------
Melee: Long sword        |    52 |   155 |   623 |   669 ||  1499
       Headbutt          |     6 |    26 |   124 |   288 ||   444
       Scimitar          |       |       |       |   486 ||   486
Throw: Tomahawk          |       |       |     3 |     3 ||     6
Invok: Heroism           |       |       |       |     5 ||     5
       Finesse           |       |       |       |     2 ||     2
Evoke: Wand              |       |       |     1 |       ||     1
  Use: Scroll            |       |       |    17 |     9 ||    26
       Potion            |       |       |       |     1 ||     1
  Eat: Chunk             |       |     5 |    12 |    23 ||    40
       Bread ration      |       |       |     1 |     1 ||     2
       Fruit             |       |       |       |     2 ||     2
Armor: Scale mail        |    17 |    59 |       |       ||    76
       Chain mail        |       |       |   207 |     8 ||   215
       Plate armour      |       |       |       |   349 ||   349
       Ring mail         |       |       |       |    18 ||    18
Dodge: Dodged            |    16 |    51 |   107 |   131 ||   305
Block: Shield            |    34 |    84 |   290 |   494 ||   902
